[ PARTIDA AOE2 · #487156830 ]
UnrankedCumanos vs Italians
[ ANÁLISIS DE REPETICIÓN · EXTRAÍDO DE LA PARTIDA GRABADA ]
Feudal
9:16
Castillos
26:20
Imperial
—
| APM promedio | 48.3 |
| APM pico | 98 |
| eAPM promedio | 22.9 |
| Aldeanos / militares | 68 / 31 |
Foco
⚔️ 26.8% · 🌾 73.2%
Battering Ram ×13 · Spearman ×10 · Skirmisher ×7 · Mangonel ×1
Feudal
10:48
Castillos
—
Imperial
—
| APM promedio | 25.7 |
| APM pico | 64 |
| eAPM promedio | 14.4 |
| Aldeanos / militares | 66 / 57 |
Foco
⚔️ 37.3% · 🌾 62.7%
Militia ×57
Feudal
10:00
Castillos
22:24
Imperial
—
| APM promedio | 50.7 |
| APM pico | 87 |
| eAPM promedio | 15.4 |
| Aldeanos / militares | 51 / 33 |
Foco
⚔️ 26.8% · 🌾 73.2%
Archer ×33
Feudal
9:25
Castillos
25:10
Imperial
—
| APM promedio | 45.7 |
| APM pico | 84 |
| eAPM promedio | 20.5 |
| Aldeanos / militares | 68 / 53 |
Foco
⚔️ 29.4% · 🌾 70.6%
Spearman ×24 · Archer ×23 · Mangonel ×3 · Skirmisher ×2 · Battering Ram ×1
Feudal
9:50
Castillos
—
Imperial
—
| APM promedio | 58.4 |
| APM pico | 82 |
| eAPM promedio | 27.6 |
| Aldeanos / militares | 71 / 74 |
Foco
⚔️ 28.5% · 🌾 71.5%
Militia ×44 · Archer ×27 · Spearman ×2 · Skirmisher ×1
Feudal
11:00
Castillos
19:06
Imperial
—
| APM promedio | 14.4 |
| APM pico | 31 |
| eAPM promedio | 10.2 |
| Aldeanos / militares | 54 / 25 |
Foco
⚔️ 22.3% · 🌾 77.7%
Scout Cavalry ×10 · Knight ×9 · Scorpion ×2 · Spearman ×2 · Mangonel ×1 · Battering Ram ×1
Mapa de la partida
Recursos iniciales + cada clic de construcción. Líneas = muros · curvas = relieve. ◆ oro · ⬟ piedra · ● bayas · ✦ reliquia · ◌ hueco del cierre
Tu base· Abierta — hueco de 3t
Base de LMG_Leonardo· Abierta — flanco sin cerrar
Base de Granny· Abierta — flanco sin cerrar
Base de LMG_SON SABANDIJAS· ✓ Cerrada en 25:10 · 27t muro · 2 puerta(s)
Base de Michel Brioche· Abierta — hueco de 3t
Base de Monsitron· Abierta — flanco sin cerrar
Terreno inicial suavizado · ◌ = hueco del cierre detectado · pasá el cursor para detalles
Inputs por minuto
— LMG_HERA DE TEMU - - LMG_Leonardo
Build order — LMG_HERA DE TEMU
Primeras 150 de 151 acciones detectadas
| 0:01 | Crear | Villager (Male) |
| 0:01 | Crear | Villager (Male) |
| 0:02 | Crear | Villager (Male) |
| 0:02 | Crear | Villager (Male) |
| 0:02 | Crear | Villager (Male) |
| 0:03 | Construir | House |
| 0:04 | Construir | House |
| 1:33 | Crear | Villager (Male) |
| 1:34 | Crear | Villager (Male) |
| 1:46 | Crear | Villager (Male) |
| 1:56 | Construir | Lumber Camp |
| 2:21 | Crear | Villager (Male) |
| 2:21 | Crear | Villager (Male) |
| 2:47 | Crear | Villager (Male) |
| 2:47 | Crear | Villager (Male) |
| 3:11 | Crear | Villager (Male) |
| 3:11 | Crear | Villager (Male) |
| 3:12 | Crear | Villager (Male) |
| 3:32 | Construir | House |
| 3:33 | Construir | House |
| 3:48 | Crear | Villager (Male) |
| 3:55 | Crear | Villager (Male) |
| 3:56 | Crear | Villager (Male) |
| 4:13 | Crear | Villager (Male) |
| 4:13 | Crear | Villager (Male) |
| 4:27 | Crear | Villager (Male) |
| 4:27 | Crear | Villager (Male) |
| 4:57 | Construir | Mill |
| 5:05 | Crear | Villager (Male) |
| 5:05 | Crear | Villager (Male) |
| 5:20 | Crear | Villager (Male) |
| 5:20 | Crear | Villager (Male) |
| 6:36 | Investigar | Loom |
| 7:03 | Investigar | Feudal Age |
| 8:07 | Construir | Barracks |
| 8:15 | Construir | Palisade Wall |
| 8:19 | Crear | Villager (Male) |
| 8:19 | Crear | Villager (Male) |
| 9:16 | Edad | Edad Feudal |
| 9:17 | Construir | House |
| 9:21 | Construir | Blacksmith |
| 9:25 | Investigar | Double-Bit Axe |
| 9:36 | Construir | House |
| 9:36 | Construir | House |
| 9:42 | Crear | Spearman |
| 10:08 | Crear | Villager (Male) |
| 10:08 | Crear | Villager (Male) |
| 10:08 | Crear | Villager (Male) |
| 10:29 | Construir | Siege Workshop |
| 10:31 | Crear | Spearman |
| 10:36 | Crear | Villager (Male) |
| 10:36 | Crear | Villager (Male) |
| 11:00 | Construir | Siege Workshop |
| 11:10 | Crear | Spearman |
| 11:18 | Crear | Villager (Male) |
| 11:18 | Crear | Villager (Male) |
| 11:42 | Construir | Mining Camp |
| 12:16 | Crear | Villager (Male) |
| 12:17 | Crear | Villager (Male) |
| 12:29 | Crear | Battering Ram |
| 12:29 | Crear | Battering Ram |
| 12:42 | Construir | Farm |
| 12:43 | Construir | Farm |
| 12:44 | Construir | Farm |
| 12:45 | Construir | Farm |
| 13:19 | Crear | Villager (Male) |
| 13:19 | Crear | Villager (Male) |
| 13:19 | Crear | Villager (Male) |
| 13:49 | Crear | Battering Ram |
| 13:50 | Crear | Battering Ram |
| 13:52 | Crear | Villager (Male) |
| 13:52 | Crear | Villager (Male) |
| 13:54 | Construir | Farm |
| 14:25 | Crear | Villager (Male) |
| 14:25 | Crear | Villager (Male) |
| 14:25 | Crear | Villager (Male) |
| 14:27 | Construir | Farm |
| 14:29 | Construir | Farm |
| 14:33 | Construir | Farm |
| 14:36 | Construir | Farm |
| 14:38 | Construir | Farm |
| 14:44 | Construir | Watch Tower |
| 14:52 | Crear | Villager (Male) |
| 14:52 | Crear | Villager (Male) |
| 15:12 | Construir | House |
| 15:14 | Construir | House |
| 15:15 | Construir | House |
| 15:28 | Crear | Battering Ram |
| 15:32 | Crear | Spearman |
| 15:33 | Crear | Spearman |
| 15:37 | Construir | Farm |
| 15:40 | Crear | Villager (Male) |
| 15:40 | Crear | Villager (Male) |
| 15:52 | Crear | Spearman |
| 15:56 | Crear | Villager (Male) |
| 15:56 | Crear | Villager (Male) |
| 16:24 | Crear | Spearman |
| 16:24 | Crear | Spearman |
| 16:25 | Crear | Villager (Male) |
| 16:25 | Crear | Villager (Male) |
| 16:54 | Crear | Battering Ram |
| 17:34 | Crear | Villager (Male) |
| 17:34 | Crear | Villager (Male) |
| 19:27 | Construir | Market |
| 20:11 | Crear | Villager (Male) |
| 20:11 | Crear | Villager (Male) |
| 20:12 | Crear | Villager (Male) |
| 20:35 | Crear | Spearman |
| 20:35 | Crear | Spearman |
| 20:38 | Construir | Farm |
| 20:39 | Construir | Farm |
| 20:46 | Construir | House |
| 20:56 | Crear | Battering Ram |
| 21:11 | Crear | Battering Ram |
| 21:20 | Construir | Palisade Wall |
| 21:23 | Construir | Palisade Wall |
| 21:28 | Construir | Palisade Wall |
| 21:53 | Crear | Battering Ram |
| 21:59 | Construir | Outpost |
| 22:50 | Crear | Villager (Male) |
| 22:51 | Crear | Villager (Male) |
| 23:29 | Investigar | Castle Age |
| 24:02 | Investigar | Gold Mining |
| 24:03 | Investigar | Horse Collar |
| 24:10 | Crear | Battering Ram |
| 24:10 | Crear | Battering Ram |
| 24:31 | Crear | Battering Ram |
| 24:32 | Crear | Battering Ram |
| 25:21 | Construir | Archery Range |
| 25:55 | Construir | Archery Range |
| 26:13 | Investigar | Fletching |
| 26:20 | Edad | Edad de los Castillos |
| 26:43 | Crear | Skirmisher |
| 26:43 | Crear | Skirmisher |
| 26:44 | Crear | Skirmisher |
| 26:44 | Crear | Skirmisher |
| 27:11 | Crear | Mangonel |
| 27:46 | Crear | Villager (Male) |
| 27:46 | Crear | Villager (Male) |
| 27:46 | Crear | Villager (Male) |
| 27:47 | Construir | Farm |
| 27:47 | Construir | Farm |
| 27:52 | Crear | Villager (Male) |
| 27:52 | Crear | Villager (Male) |
| 27:52 | Crear | Villager (Male) |
| 28:15 | Crear | Villager (Male) |
| 28:15 | Crear | Villager (Male) |
| 28:38 | Investigar | Elite Skirmisher (upgrade) |
| 28:38 | Crear | Skirmisher |
| 28:38 | Crear | Skirmisher |
Build order — LMG_Leonardo
Primeras 150 de 189 acciones detectadas
| 0:01 | Crear | Villager (Male) |
| 0:01 | Crear | Villager (Male) |
| 0:01 | Crear | Villager (Male) |
| 0:02 | Crear | Villager (Male) |
| 0:02 | Construir | House |
| 0:04 | Construir | House |
| 0:46 | Investigar | Loom |
| 1:28 | Crear | Villager (Male) |
| 2:03 | Construir | Mule Cart |
| 2:24 | Crear | Villager (Male) |
| 2:55 | Crear | Villager (Male) |
| 3:13 | Crear | Villager (Male) |
| 3:13 | Crear | Villager (Male) |
| 3:29 | Construir | Mill |
| 3:45 | Construir | Mule Cart |
| 3:47 | Crear | Villager (Male) |
| 3:55 | Construir | House |
| 3:56 | Construir | House |
| 4:07 | Crear | Villager (Male) |
| 4:07 | Crear | Villager (Male) |
| 4:44 | Crear | Villager (Male) |
| 4:57 | Crear | Villager (Male) |
| 5:42 | Crear | Villager (Male) |
| 5:43 | Crear | Villager (Male) |
| 5:43 | Crear | Villager (Male) |
| 5:45 | Crear | Villager (Male) |
| 6:17 | Construir | Mill |
| 6:29 | Crear | Villager (Male) |
| 6:30 | Crear | Villager (Male) |
| 7:41 | Crear | Villager (Male) |
| 8:11 | Crear | Villager (Male) |
| 8:24 | Construir | Barracks |
| 8:25 | Construir | House |
| 8:37 | Investigar | Feudal Age |
| 9:24 | Crear | Villager (Male) |
| 9:24 | Crear | Villager (Male) |
| 9:38 | Construir | Barracks |
| 9:43 | Construir | House |
| 9:58 | Crear | Militia |
| 9:58 | Crear | Militia |
| 9:59 | Crear | Militia |
| 9:59 | Crear | Militia |
| 10:18 | Crear | Militia |
| 10:31 | Construir | Palisade Wall |
| 10:41 | Construir | House |
| 10:43 | Construir | House |
| 10:45 | Construir | Palisade Wall |
| 10:48 | Edad | Edad Feudal |
| 10:52 | Investigar | Man-at-Arms (upgrade) |
| 11:02 | Construir | Farm |
| 11:03 | Construir | Farm |
| 11:09 | Construir | Farm |
| 11:43 | Crear | Villager (Male) |
| 11:48 | Construir | Farm |
| 12:09 | Crear | Villager (Male) |
| 12:10 | Crear | Villager (Male) |
| 12:10 | Crear | Villager (Male) |
| 12:41 | Crear | Villager (Male) |
| 12:50 | Crear | Militia |
| 13:13 | Crear | Villager (Male) |
| 13:20 | Construir | Farm |
| 13:20 | Construir | Farm |
| 13:20 | Construir | Farm |
| 13:20 | Construir | Farm |
| 13:21 | Construir | Farm |
| 13:49 | Crear | Villager (Male) |
| 13:49 | Crear | Villager (Male) |
| 14:29 | Investigar | Long Swordsman (upgrade) |
| 14:32 | Construir | Blacksmith |
| 14:40 | Crear | Villager (Male) |
| 14:51 | Crear | Militia |
| 14:51 | Crear | Militia |
| 14:59 | Construir | Farm |
| 15:01 | Construir | Farm |
| 15:05 | Crear | Villager (Male) |
| 15:37 | Crear | Villager (Male) |
| 15:45 | Construir | Farm |
| 15:46 | Construir | Farm |
| 15:51 | Crear | Villager (Male) |
| 15:51 | Crear | Villager (Male) |
| 15:56 | Crear | Militia |
| 15:57 | Crear | Militia |
| 15:57 | Crear | Militia |
| 15:57 | Crear | Militia |
| 15:57 | Crear | Militia |
| 16:18 | Investigar | Arson |
| 16:28 | Crear | Villager (Male) |
| 16:55 | Crear | Villager (Male) |
| 16:59 | Investigar | Scale Mail Armor |
| 17:01 | Crear | Militia |
| 17:02 | Crear | Militia |
| 17:02 | Crear | Militia |
| 17:14 | Crear | Militia |
| 17:14 | Crear | Militia |
| 17:19 | Crear | Villager (Male) |
| 17:24 | Construir | Farm |
| 17:24 | Construir | Farm |
| 17:24 | Construir | Farm |
| 17:24 | Construir | Farm |
| 17:25 | Construir | Farm |
| 17:25 | Construir | Farm |
| 17:36 | Construir | House |
| 17:42 | Construir | House |
| 17:43 | Construir | House |
| 17:57 | Crear | Militia |
| 17:57 | Crear | Militia |
| 17:58 | Crear | Militia |
| 18:42 | Crear | Villager (Male) |
| 18:42 | Crear | Villager (Male) |
| 18:44 | Crear | Militia |
| 18:44 | Crear | Militia |
| 18:45 | Crear | Militia |
| 18:48 | Crear | Militia |
| 19:22 | Crear | Villager (Male) |
| 19:23 | Crear | Villager (Male) |
| 19:24 | Crear | Militia |
| 19:24 | Crear | Militia |
| 19:25 | Crear | Militia |
| 19:53 | Crear | Villager (Male) |
| 19:53 | Crear | Villager (Male) |
| 20:13 | Crear | Militia |
| 20:13 | Crear | Militia |
| 20:13 | Crear | Militia |
| 20:21 | Crear | Militia |
| 20:21 | Crear | Militia |
| 20:36 | Construir | House |
| 20:47 | Crear | Villager (Male) |
| 20:55 | Construir | House |
| 20:56 | Construir | House |
| 21:03 | Construir | House |
| 21:04 | Construir | House |
| 21:05 | Construir | House |
| 21:06 | Crear | Villager (Male) |
| 21:11 | Investigar | Forging |
| 21:32 | Construir | Farm |
| 22:38 | Crear | Villager (Male) |
| 22:38 | Crear | Villager (Male) |
| 22:38 | Crear | Villager (Male) |
| 22:50 | Crear | Militia |
| 22:50 | Crear | Militia |
| 22:50 | Crear | Militia |
| 22:51 | Crear | Militia |
| 22:51 | Crear | Militia |
| 22:51 | Crear | Militia |
| 22:51 | Crear | Militia |
| 22:56 | Construir | Barracks |
| 23:37 | Crear | Villager (Male) |
| 23:37 | Crear | Villager (Male) |
| 24:00 | Crear | Militia |
| 24:00 | Crear | Militia |
Build order — Granny
145 acciones detectadas en el replay
| 0:00 | Crear | Villager (Male) |
| 0:01 | Crear | Villager (Male) |
| 0:03 | Construir | House |
| 0:04 | Construir | House |
| 0:35 | Crear | Villager (Male) |
| 0:35 | Crear | Villager (Male) |
| 1:33 | Crear | Villager (Male) |
| 1:34 | Crear | Villager (Male) |
| 2:17 | Crear | Villager (Male) |
| 2:17 | Crear | Villager (Male) |
| 2:34 | Crear | Villager (Male) |
| 2:35 | Crear | Villager (Male) |
| 3:21 | Crear | Villager (Male) |
| 3:21 | Crear | Villager (Male) |
| 3:35 | Investigar | Loom |
| 3:35 | Investigar | Loom |
| 3:58 | Crear | Villager (Male) |
| 4:04 | Construir | Lumber Camp |
| 4:16 | Crear | Villager (Male) |
| 4:16 | Crear | Villager (Male) |
| 4:42 | Crear | Villager (Male) |
| 4:54 | Investigar | Loom |
| 4:58 | Construir | House |
| 5:03 | Crear | Villager (Male) |
| 5:05 | Crear | Villager (Male) |
| 5:05 | Crear | Villager (Male) |
| 5:23 | Construir | House |
| 5:27 | Crear | Villager (Male) |
| 5:27 | Crear | Villager (Male) |
| 5:40 | Crear | Villager (Male) |
| 5:51 | Crear | Villager (Male) |
| 6:54 | Construir | Mill |
| 7:35 | Investigar | Feudal Age |
| 7:55 | Construir | Mining Camp |
| 8:41 | Construir | House |
| 9:18 | Construir | Barracks |
| 9:32 | Construir | Barracks |
| 9:59 | Crear | Villager (Male) |
| 9:59 | Crear | Villager (Male) |
| 10:00 | Edad | Edad Feudal |
| 10:13 | Construir | House |
| 10:15 | Construir | House |
| 10:24 | Construir | Archery Range |
| 10:48 | Investigar | Double-Bit Axe |
| 10:53 | Crear | Villager (Male) |
| 10:53 | Crear | Villager (Male) |
| 11:05 | Crear | Archer |
| 11:05 | Crear | Archer |
| 11:05 | Crear | Archer |
| 11:05 | Crear | Archer |
| 11:53 | Construir | Blacksmith |
| 12:10 | Crear | Archer |
| 12:59 | Crear | Villager (Male) |
| 13:00 | Crear | Villager (Male) |
| 13:03 | Crear | Archer |
| 13:05 | Investigar | Fletching |
| 13:56 | Crear | Villager (Male) |
| 13:56 | Crear | Villager (Male) |
| 14:26 | Crear | Villager (Male) |
| 14:28 | Crear | Archer |
| 14:29 | Crear | Archer |
| 14:37 | Construir | House |
| 14:39 | Construir | House |
| 14:42 | Crear | Villager (Male) |
| 14:49 | Construir | Farm |
| 15:14 | Construir | Farm |
| 15:55 | Crear | Villager (Male) |
| 15:58 | Construir | Farm |
| 16:19 | Crear | Villager (Male) |
| 16:22 | Construir | Farm |
| 16:26 | Construir | Farm |
| 16:35 | Construir | Farm |
| 16:36 | Construir | Farm |
| 16:36 | Construir | Farm |
| 16:36 | Construir | Farm |
| 16:37 | Construir | Farm |
| 16:37 | Construir | Farm |
| 16:37 | Construir | Farm |
| 16:42 | Crear | Archer |
| 16:42 | Crear | Archer |
| 16:42 | Crear | Archer |
| 16:43 | Crear | Archer |
| 17:27 | Crear | Archer |
| 17:28 | Crear | Archer |
| 17:35 | Crear | Villager (Male) |
| 17:35 | Crear | Villager (Male) |
| 17:40 | Construir | Farm |
| 17:45 | Construir | Farm |
| 17:45 | Construir | Farm |
| 17:45 | Construir | Farm |
| 18:38 | Construir | Farm |
| 18:50 | Construir | House |
| 19:41 | Crear | Villager (Male) |
| 19:44 | Investigar | Castle Age |
| 19:47 | Investigar | Padded Archer Armor |
| 19:54 | Crear | Villager (Male) |
| 19:58 | Crear | Archer |
| 19:59 | Crear | Archer |
| 20:35 | Crear | Archer |
| 20:35 | Crear | Archer |
| 20:40 | Construir | Archery Range |
| 20:41 | Construir | Archery Range |
| 20:53 | Construir | Mining Camp |
| 21:14 | Construir | Palisade Wall |
| 21:27 | Construir | Palisade Wall |
| 21:59 | Crear | Archer |
| 21:59 | Crear | Archer |
| 22:24 | Edad | Edad de los Castillos |
| 22:29 | Investigar | Crossbowman (upgrade) |
| 22:40 | Investigar | Bodkin Arrow |
| 22:54 | Construir | House |
| 23:40 | Investigar | Crossbowman (upgrade) |
| 23:54 | Crear | Archer |
| 23:54 | Crear | Archer |
| 23:54 | Crear | Archer |
| 25:05 | Crear | Villager (Male) |
| 25:07 | Construir | Farm |
| 25:08 | Crear | Villager (Male) |
| 25:08 | Crear | Villager (Male) |
| 25:56 | Crear | Villager (Male) |
| 26:00 | Construir | House |
| 26:01 | Construir | House |
| 26:20 | Crear | Villager (Male) |
| 26:25 | Investigar | Wheelbarrow |
| 26:33 | Investigar | Thumb Ring |
| 26:33 | Crear | Archer |
| 26:33 | Crear | Archer |
| 26:34 | Crear | Archer |
| 27:03 | Crear | Archer |
| 27:03 | Crear | Archer |
| 27:03 | Crear | Archer |
| 27:03 | Crear | Archer |
| 27:38 | Crear | Villager (Male) |
| 27:42 | Construir | Farm |
| 27:42 | Construir | Farm |
| 27:44 | Crear | Villager (Male) |
| 27:44 | Crear | Villager (Male) |
| 28:55 | Crear | Villager (Male) |
| 29:00 | Construir | Town Center |
| 29:30 | Crear | Villager (Male) |
| 29:30 | Crear | Villager (Male) |
| 29:47 | Crear | Villager (Male) |
| 29:52 | Crear | Archer |
| 29:53 | Crear | Archer |
| 29:53 | Crear | Archer |
Build order — LMG_SON SABANDIJAS
Primeras 150 de 193 acciones detectadas
| 0:01 | Crear | Villager (Male) |
| 0:02 | Construir | House |
| 0:05 | Construir | House |
| 0:18 | Crear | Villager (Male) |
| 0:22 | Crear | Villager (Male) |
| 0:22 | Crear | Villager (Male) |
| 1:26 | Crear | Villager (Male) |
| 1:57 | Crear | Villager (Male) |
| 1:57 | Crear | Villager (Male) |
| 2:14 | Construir | Lumber Camp |
| 2:17 | Crear | Villager (Male) |
| 2:17 | Crear | Villager (Male) |
| 2:28 | Crear | Villager (Male) |
| 2:28 | Crear | Villager (Male) |
| 2:48 | Crear | Villager (Male) |
| 2:49 | Crear | Villager (Male) |
| 3:26 | Construir | House |
| 3:29 | Crear | Villager (Male) |
| 3:30 | Crear | Villager (Male) |
| 3:47 | Crear | Villager (Male) |
| 4:09 | Crear | Villager (Male) |
| 4:10 | Crear | Villager (Male) |
| 4:50 | Crear | Villager (Male) |
| 5:06 | Crear | Villager (Male) |
| 5:06 | Crear | Villager (Male) |
| 5:43 | Crear | Villager (Male) |
| 5:47 | Investigar | Loom |
| 5:55 | Construir | Mill |
| 7:15 | Investigar | Feudal Age |
| 7:15 | Investigar | Feudal Age |
| 7:24 | Construir | Mining Camp |
| 7:44 | Construir | House |
| 7:47 | Construir | Barracks |
| 8:27 | Construir | Palisade Wall |
| 9:17 | Crear | Villager (Male) |
| 9:17 | Crear | Villager (Male) |
| 9:25 | Edad | Edad Feudal |
| 9:29 | Construir | Archery Range |
| 9:35 | Crear | Villager (Male) |
| 9:35 | Crear | Villager (Male) |
| 9:38 | Investigar | Double-Bit Axe |
| 9:45 | Construir | House |
| 9:47 | Construir | Palisade Gate |
| 9:50 | Construir | Palisade Wall |
| 10:04 | Construir | House |
| 10:19 | Crear | Archer |
| 10:20 | Crear | Archer |
| 10:20 | Crear | Archer |
| 10:22 | Crear | Spearman |
| 10:43 | Crear | Villager (Male) |
| 10:55 | Construir | House |
| 11:03 | Construir | Palisade Gate |
| 11:06 | Construir | House |
| 11:11 | Construir | House |
| 11:13 | Crear | Archer |
| 11:18 | Crear | Villager (Male) |
| 11:18 | Crear | Villager (Male) |
| 11:18 | Crear | Villager (Male) |
| 11:22 | Construir | Farm |
| 11:22 | Construir | Farm |
| 11:26 | Crear | Archer |
| 11:44 | Construir | Palisade Wall |
| 11:47 | Construir | Palisade Wall |
| 11:53 | Crear | Villager (Male) |
| 12:13 | Construir | House |
| 12:18 | Crear | Spearman |
| 12:18 | Crear | Spearman |
| 12:23 | Construir | Farm |
| 12:32 | Construir | Blacksmith |
| 12:42 | Crear | Archer |
| 12:42 | Crear | Archer |
| 12:48 | Construir | House |
| 12:55 | Crear | Villager (Male) |
| 12:56 | Crear | Villager (Male) |
| 13:12 | Construir | Farm |
| 13:13 | Crear | Villager (Male) |
| 13:13 | Crear | Villager (Male) |
| 13:30 | Investigar | Fletching |
| 13:38 | Construir | Farm |
| 13:40 | Construir | Farm |
| 13:41 | Crear | Villager (Male) |
| 13:42 | Crear | Villager (Male) |
| 13:46 | Crear | Archer |
| 13:46 | Crear | Archer |
| 13:46 | Crear | Archer |
| 14:24 | Crear | Archer |
| 14:24 | Crear | Archer |
| 14:28 | Crear | Archer |
| 14:29 | Crear | Villager (Male) |
| 14:29 | Crear | Villager (Male) |
| 14:31 | Construir | Farm |
| 14:31 | Construir | Farm |
| 14:31 | Construir | Farm |
| 14:34 | Crear | Villager (Male) |
| 14:51 | Crear | Archer |
| 14:51 | Crear | Archer |
| 15:09 | Crear | Villager (Male) |
| 15:14 | Construir | Farm |
| 15:43 | Crear | Archer |
| 15:43 | Crear | Archer |
| 16:16 | Crear | Villager (Male) |
| 16:16 | Crear | Villager (Male) |
| 16:18 | Construir | Farm |
| 16:18 | Construir | Farm |
| 16:18 | Construir | Farm |
| 16:18 | Construir | Farm |
| 16:19 | Crear | Villager (Male) |
| 16:19 | Crear | Villager (Male) |
| 16:23 | Investigar | Horse Collar |
| 16:40 | Crear | Villager (Male) |
| 16:54 | Crear | Archer |
| 16:54 | Crear | Archer |
| 17:16 | Construir | Watch Tower |
| 17:32 | Crear | Villager (Male) |
| 17:38 | Construir | House |
| 17:40 | Construir | House |
| 18:11 | Crear | Archer |
| 18:28 | Crear | Villager (Male) |
| 18:33 | Crear | Villager (Male) |
| 18:39 | Construir | Farm |
| 18:46 | Construir | Farm |
| 18:47 | Construir | Farm |
| 18:47 | Construir | Farm |
| 19:10 | Construir | Farm |
| 19:15 | Crear | Villager (Male) |
| 19:29 | Crear | Villager (Male) |
| 19:43 | Construir | Archery Range |
| 19:51 | Construir | Farm |
| 19:53 | Investigar | Padded Archer Armor |
| 19:54 | Investigar | Padded Archer Armor |
| 19:56 | Crear | Villager (Male) |
| 19:56 | Crear | Villager (Male) |
| 19:59 | Construir | Farm |
| 20:02 | Crear | Villager (Male) |
| 20:14 | Construir | House |
| 20:19 | Crear | Spearman |
| 20:19 | Crear | Spearman |
| 20:24 | Crear | Spearman |
| 20:24 | Crear | Spearman |
| 21:19 | Construir | House |
| 21:44 | Construir | Market |
| 22:14 | Construir | House |
| 22:30 | Investigar | Castle Age |
| 22:49 | Investigar | Forging |
| 23:07 | Construir | Watch Tower |
| 23:09 | Construir | Farm |
| 23:13 | Construir | Farm |
| 23:40 | Crear | Spearman |
| 23:40 | Crear | Spearman |
| 23:51 | Construir | Barracks |
Build order — Michel Brioche
Primeras 150 de 252 acciones detectadas
| 0:00 | Crear | Villager (Male) |
| 0:02 | Construir | House |
| 0:03 | Construir | House |
| 0:03 | Crear | Villager (Male) |
| 0:03 | Crear | Villager (Male) |
| 0:04 | Crear | Villager (Male) |
| 0:04 | Crear | Villager (Male) |
| 1:42 | Crear | Villager (Male) |
| 1:42 | Crear | Villager (Male) |
| 1:45 | Construir | Lumber Camp |
| 2:25 | Crear | Villager (Male) |
| 2:26 | Crear | Villager (Male) |
| 3:01 | Construir | House |
| 3:08 | Crear | Villager (Male) |
| 3:08 | Crear | Villager (Male) |
| 3:36 | Crear | Villager (Male) |
| 4:10 | Crear | Villager (Male) |
| 4:11 | Crear | Villager (Male) |
| 4:18 | Crear | Villager (Male) |
| 4:18 | Crear | Villager (Male) |
| 4:58 | Crear | Villager (Male) |
| 4:58 | Crear | Villager (Male) |
| 4:58 | Crear | Villager (Male) |
| 5:17 | Construir | House |
| 5:30 | Crear | Villager (Male) |
| 5:30 | Crear | Villager (Male) |
| 5:57 | Construir | House |
| 6:35 | Construir | Mill |
| 6:50 | Crear | Villager (Male) |
| 7:14 | Investigar | Loom |
| 7:14 | Investigar | Loom |
| 7:25 | Investigar | Feudal Age |
| 7:40 | Construir | Mining Camp |
| 8:09 | Construir | Barracks |
| 9:34 | Crear | Villager (Male) |
| 9:35 | Crear | Villager (Male) |
| 9:50 | Edad | Edad Feudal |
| 9:51 | Construir | Archery Range |
| 9:59 | Investigar | Double-Bit Axe |
| 10:08 | Crear | Spearman |
| 10:25 | Crear | Villager (Male) |
| 10:26 | Crear | Villager (Male) |
| 10:31 | Crear | Spearman |
| 10:35 | Construir | House |
| 10:37 | Construir | House |
| 10:39 | Crear | Archer |
| 10:39 | Crear | Archer |
| 11:12 | Crear | Villager (Male) |
| 11:19 | Construir | Blacksmith |
| 11:30 | Crear | Villager (Male) |
| 11:35 | Crear | Skirmisher |
| 11:42 | Crear | Archer |
| 11:43 | Crear | Archer |
| 11:53 | Crear | Archer |
| 11:54 | Crear | Archer |
| 12:12 | Construir | House |
| 12:18 | Crear | Archer |
| 12:19 | Crear | Villager (Male) |
| 12:19 | Crear | Villager (Male) |
| 12:20 | Crear | Villager (Male) |
| 12:29 | Crear | Archer |
| 12:29 | Crear | Archer |
| 12:34 | Construir | Archery Range |
| 12:55 | Construir | Farm |
| 12:59 | Crear | Archer |
| 13:23 | Crear | Villager (Male) |
| 13:23 | Crear | Villager (Male) |
| 13:23 | Crear | Villager (Male) |
| 13:27 | Construir | Farm |
| 13:27 | Construir | Farm |
| 13:28 | Construir | Farm |
| 13:51 | Crear | Militia |
| 14:18 | Construir | Farm |
| 14:21 | Construir | Farm |
| 14:21 | Construir | Farm |
| 14:21 | Construir | Farm |
| 14:22 | Construir | Farm |
| 14:22 | Construir | Farm |
| 14:25 | Construir | Farm |
| 14:29 | Crear | Villager (Male) |
| 14:29 | Crear | Villager (Male) |
| 14:29 | Crear | Villager (Male) |
| 14:43 | Construir | Farm |
| 15:07 | Investigar | Fletching |
| 15:25 | Crear | Villager (Male) |
| 15:34 | Construir | Farm |
| 15:34 | Construir | Farm |
| 15:36 | Crear | Villager (Male) |
| 15:36 | Crear | Villager (Male) |
| 15:45 | Crear | Militia |
| 15:50 | Investigar | Man-at-Arms (upgrade) |
| 15:50 | Investigar | Man-at-Arms (upgrade) |
| 15:54 | Crear | Villager (Male) |
| 15:56 | Construir | House |
| 15:58 | Construir | House |
| 16:01 | Construir | Palisade Wall |
| 16:01 | Construir | Palisade Wall |
| 16:24 | Crear | Militia |
| 16:24 | Crear | Militia |
| 16:29 | Construir | Lumber Camp |
| 16:30 | Crear | Militia |
| 16:30 | Crear | Militia |
| 16:54 | Crear | Villager (Male) |
| 16:54 | Crear | Villager (Male) |
| 16:58 | Crear | Militia |
| 16:59 | Crear | Militia |
| 17:12 | Construir | Barracks |
| 17:14 | Construir | Blacksmith |
| 17:19 | Crear | Militia |
| 17:26 | Crear | Militia |
| 17:42 | Crear | Villager (Male) |
| 17:42 | Crear | Villager (Male) |
| 17:46 | Construir | Farm |
| 17:48 | Construir | Farm |
| 17:49 | Construir | Farm |
| 17:49 | Construir | Farm |
| 17:49 | Construir | Farm |
| 18:20 | Crear | Villager (Male) |
| 18:20 | Crear | Villager (Male) |
| 18:22 | Construir | House |
| 18:25 | Crear | Militia |
| 18:25 | Crear | Militia |
| 18:25 | Crear | Militia |
| 19:35 | Crear | Villager (Male) |
| 19:39 | Crear | Archer |
| 19:40 | Crear | Archer |
| 19:40 | Crear | Archer |
| 19:40 | Crear | Archer |
| 19:40 | Crear | Archer |
| 19:44 | Construir | Archery Range |
| 19:47 | Construir | Barracks |
| 20:06 | Construir | Archery Range |
| 20:12 | Crear | Villager (Male) |
| 20:12 | Crear | Villager (Male) |
| 20:12 | Crear | Villager (Male) |
| 20:12 | Crear | Villager (Male) |
| 20:14 | Crear | Militia |
| 20:15 | Crear | Militia |
| 20:15 | Crear | Militia |
| 20:18 | Construir | Barracks |
| 20:33 | Construir | Barracks |
| 20:39 | Construir | Palisade Wall |
| 20:49 | Construir | Lumber Camp |
| 20:53 | Construir | Lumber Camp |
| 20:55 | Crear | Archer |
| 21:15 | Construir | Farm |
| 21:26 | Crear | Villager (Male) |
| 21:28 | Crear | Archer |
| 21:28 | Crear | Archer |
| 21:29 | Crear | Archer |
Build order — Monsitron
132 acciones detectadas en el replay
| 0:02 | Crear | Villager (Male) |
| 0:02 | Crear | Villager (Male) |
| 0:02 | Crear | Villager (Male) |
| 0:02 | Crear | Villager (Male) |
| 0:03 | Crear | Villager (Male) |
| 0:03 | Investigar | Loom |
| 0:06 | Construir | House |
| 0:10 | Construir | House |
| 1:39 | Crear | Villager (Male) |
| 1:39 | Crear | Villager (Male) |
| 2:00 | Construir | Lumber Camp |
| 2:44 | Crear | Villager (Male) |
| 2:44 | Crear | Villager (Male) |
| 2:44 | Crear | Villager (Male) |
| 2:44 | Crear | Villager (Male) |
| 3:35 | Crear | Villager (Male) |
| 3:35 | Crear | Villager (Male) |
| 3:59 | Crear | Villager (Male) |
| 4:13 | Construir | House |
| 4:16 | Construir | House |
| 4:18 | Construir | House |
| 4:22 | Construir | House |
| 4:43 | Crear | Villager (Male) |
| 4:44 | Crear | Villager (Male) |
| 4:56 | Crear | Villager (Male) |
| 5:26 | Crear | Villager (Male) |
| 5:42 | Construir | Mill |
| 6:12 | Crear | Villager (Male) |
| 6:26 | Crear | Villager (Male) |
| 7:22 | Crear | Villager (Male) |
| 7:27 | Construir | Mill |
| 7:51 | Crear | Villager (Male) |
| 8:34 | Construir | Barracks |
| 8:50 | Investigar | Feudal Age |
| 8:50 | Investigar | Feudal Age |
| 9:11 | Construir | House |
| 9:53 | Construir | Farm |
| 10:11 | Construir | Farm |
| 10:20 | Construir | Farm |
| 11:00 | Edad | Edad Feudal |
| 11:13 | Construir | Blacksmith |
| 11:23 | Crear | Villager (Male) |
| 11:29 | Construir | Farm |
| 11:38 | Construir | Palisade Wall |
| 11:54 | Construir | Farm |
| 12:05 | Crear | Villager (Male) |
| 12:06 | Crear | Villager (Male) |
| 12:13 | Construir | Farm |
| 12:35 | Construir | Farm |
| 12:43 | Crear | Villager (Male) |
| 13:02 | Construir | Farm |
| 13:20 | Construir | Farm |
| 13:54 | Construir | Watch Tower |
| 14:12 | Crear | Villager (Male) |
| 14:12 | Crear | Villager (Male) |
| 14:33 | Construir | House |
| 14:36 | Construir | House |
| 14:40 | Construir | Palisade Wall |
| 15:45 | Construir | Market |
| 16:13 | Construir | Stable |
| 16:26 | Investigar | Castle Age |
| 16:42 | Construir | Farm |
| 16:46 | Construir | Farm |
| 16:57 | Construir | Mining Camp |
| 17:02 | Construir | Farm |
| 17:15 | Construir | House |
| 17:22 | Construir | House |
| 17:27 | Crear | Scout Cavalry |
| 17:28 | Crear | Scout Cavalry |
| 17:59 | Construir | Farm |
| 18:35 | Crear | Scout Cavalry |
| 19:06 | Edad | Edad de los Castillos |
| 19:06 | Investigar | Bloodlines |
| 19:39 | Crear | Villager (Male) |
| 19:39 | Crear | Villager (Male) |
| 20:06 | Crear | Knight |
| 20:28 | Construir | Siege Workshop |
| 20:36 | Crear | Scout Cavalry |
| 20:42 | Construir | Stable |
| 21:00 | Crear | Villager (Male) |
| 21:00 | Crear | Villager (Male) |
| 21:10 | Crear | Knight |
| 21:41 | Crear | Villager (Male) |
| 21:52 | Crear | Mangonel |
| 22:15 | Crear | Scout Cavalry |
| 22:39 | Crear | Knight |
| 22:39 | Crear | Knight |
| 22:58 | Crear | Villager (Male) |
| 22:58 | Crear | Villager (Male) |
| 23:12 | Crear | Knight |
| 23:13 | Crear | Knight |
| 23:32 | Crear | Scout Cavalry |
| 23:33 | Crear | Scout Cavalry |
| 24:05 | Construir | Town Center |
| 24:08 | Crear | Scout Cavalry |
| 24:36 | Crear | Villager (Male) |
| 24:36 | Crear | Villager (Male) |
| 24:57 | Crear | Battering Ram |
| 25:05 | Crear | Spearman |
| 25:13 | Crear | Villager (Male) |
| 25:13 | Crear | Villager (Male) |
| 25:18 | Construir | Farm |
| 25:26 | Construir | Farm |
| 25:30 | Crear | Villager (Male) |
| 25:30 | Crear | Villager (Male) |
| 25:41 | Crear | Spearman |
| 26:01 | Crear | Scorpion |
| 26:10 | Crear | Villager (Male) |
| 26:11 | Crear | Villager (Male) |
| 26:11 | Crear | Villager (Male) |
| 26:11 | Crear | Villager (Male) |
| 26:20 | Crear | Villager (Male) |
| 26:29 | Construir | Mill |
| 26:32 | Construir | Farm |
| 26:44 | Crear | Scorpion |
| 26:47 | Crear | Villager (Male) |
| 26:47 | Crear | Villager (Male) |
| 27:09 | Construir | Farm |
| 27:11 | Crear | Villager (Male) |
| 27:19 | Crear | Scout Cavalry |
| 27:32 | Crear | Knight |
| 27:55 | Construir | Town Center |
| 28:02 | Crear | Scout Cavalry |
| 28:05 | Construir | Farm |
| 28:06 | Crear | Villager (Male) |
| 28:27 | Crear | Villager (Male) |
| 28:41 | Crear | Villager (Male) |
| 29:18 | Crear | Villager (Male) |
| 29:27 | Crear | Knight |
| 29:38 | Crear | Villager (Male) |
| 29:43 | Construir | Farm |
| 29:52 | Crear | Knight |
Cronología de la partida
| 7:47 | LMG_SON SABANDIJAS · first_building Barracks |
| 8:07 | LMG_HERA DE TEMU · first_building Barracks |
| 8:09 | Michel Brioche · first_building Barracks |
| 8:15 | LMG_HERA DE TEMU · wall_segment Palisade Wall x6 |
| 8:24 | LMG_Leonardo · first_building Barracks |
| 8:27 | LMG_SON SABANDIJAS · wall_segment Palisade Wall x1 |
| 8:34 | Monsitron · first_building Barracks |
| 9:16 | LMG_HERA DE TEMU · age_up feudal |
| 9:18 | Granny · first_building Barracks |
| 9:25 | LMG_SON SABANDIJAS · age_up feudal |
| 9:29 | LMG_SON SABANDIJAS · first_building Archery Range |
| 9:50 | Michel Brioche · age_up feudal |
| 9:50 | LMG_SON SABANDIJAS · wall_segment Palisade Wall x14 |
| 9:51 | Michel Brioche · first_building Archery Range |
| 10:00 | Granny · age_up feudal |
| 10:24 | Granny · first_building Archery Range |
| 10:29 | LMG_HERA DE TEMU · first_building Siege Workshop |
| 10:31 | LMG_Leonardo · wall_segment Palisade Wall x5 |
| 10:45 | LMG_Leonardo · wall_segment Palisade Wall x1 |
| 10:48 | LMG_Leonardo · age_up feudal |
| 11:00 | Monsitron · age_up feudal |
| 11:38 | Monsitron · wall_segment Palisade Wall x1 |
| 11:44 | LMG_SON SABANDIJAS · wall_segment Palisade Wall x3 |
| 11:47 | LMG_SON SABANDIJAS · wall_segment Palisade Wall x9 |
| 14:40 | Monsitron · wall_segment Palisade Wall x1 |
| 16:01 | Michel Brioche · wall_segment Palisade Wall x1 |
| 16:01 | Michel Brioche · wall_segment Palisade Wall x1 |
| 16:13 | Monsitron · first_building Stable |
| 16:24 | Monsitron · first_market_sell 100 food |
| 19:06 | Monsitron · age_up castle |
| 20:28 | Monsitron · first_building Siege Workshop |
| 20:39 | Michel Brioche · wall_segment Palisade Wall x1 |
| 20:55 | LMG_HERA DE TEMU · first_market_buy 100 wood |
| 20:59 | Monsitron · first_market_buy 100 food |
| 21:14 | Granny · wall_segment Palisade Wall x6 |
| 21:20 | LMG_HERA DE TEMU · wall_segment Palisade Wall x4 |
| 21:23 | LMG_HERA DE TEMU · wall_segment Palisade Wall x4 |
| 21:27 | Granny · wall_segment Palisade Wall x6 |
| 21:28 | LMG_HERA DE TEMU · wall_segment Palisade Wall x1 |
| 22:24 | Granny · age_up castle |
| 23:02 | LMG_SON SABANDIJAS · first_market_buy 100 stone |
| 23:58 | Michel Brioche · first_market_sell 500 wood |
| 25:10 | LMG_SON SABANDIJAS · age_up castle |
| 25:17 | LMG_SON SABANDIJAS · first_building Siege Workshop |
| 25:21 | LMG_HERA DE TEMU · first_building Archery Range |
| 26:20 | LMG_HERA DE TEMU · age_up castle |
| 29:06 | LMG_HERA DE TEMU · resign |
[ ANÁLISIS IA · 1 CRÉDITO ]
¿Qué pasó realmente en esta partida?
Wolo.gg analiza cada decisión: build order, eco, micro, errores típicos por bracket. Análisis personalizado por WhatsApp o Discord en 30 segundos.
Guía civ
Cumanos
Perfil
LMG_HERA DE TEMU